 Dungeon Crawl Stone Soup version 0.18.1-50-g88ac8fd (webtiles) character file.

340 a131a the Conjurer (level 6, -3/46 HPs)
             Began as a Draconian Wizard on Oct 29, 2016.
             Was a Follower of Sif Muna.
             Slain by Menkaure (16 damage)
             ... on level 4 of the Dungeon.
             The game lasted 00:32:49 (4107 turns).

a131a the Conjurer (Draconian Wizard)               Turns: 4107, Time: 00:32:49

Health: -3/46      AC: 12    Str: 10    XL:     6   Next: 30%
Magic:  5/10       EV: 12    Int: 20    God:    Sif Muna [*.....]
Gold:   235        SH:  0    Dex:  9    Spells: 4 memorised, 3 levels left

rFire  . . .     SeeInvis .     p - +4 trident (protect)
rCold  . . .     Gourm    .     (armour unavailable)
rNeg   . . .     Faith    .     (no shield)
rPois  .         Spirit   .     a - +0 hat
rElec  .         Dismiss  .     (no cloak)
rCorr  .         Reflect  .     l - +0 pair of gloves
SustAt .         Harm     .     (no boots)
MR     .....                    (no amulet)
Stlth  +.........               (no ring)
                                (no ring)

@: not resistant to hostile enchantments, very unstealthy
A: unfitting armour, cold-blooded, AC +6
a: Channel Energy, Renounce Religion


You were on level 4 of the Dungeon.
You worshipped Sif Muna.
Sif Muna was aware of your devotion.
You were not hungry.

You visited 1 branch of the dungeon, and saw 4 of its levels.

You collected 235 gold pieces.

Inventory:

Hand Weapons
 d - a +0 short sword
 m - a +1 quarterstaff
 p - a +4 trident of protection (weapon)
Missiles
 e - 45 poisoned needles
 o - 40 stones (quivered)
Armour
 a - a +0 hat (worn)
 l - a +0 pair of gloves (worn)
Wands
 h - a wand of confusion (22/48)
Scrolls
 g - a scroll of enchant weapon
 j - a scroll of identify {unknown}
 k - a scroll of fog
 r - a scroll of noise {unknown}
 t - a scroll of blinking
 w - a scroll of remove curse
Potions
 i - a potion of curing {unknown}
 n - 2 potions of resistance {unknown}
 q - a potion of flight {unknown}
 s - a potion of cure mutation {unknown}
 u - 3 potions of lignification {unknown}
 v - a potion of agility {unknown}
Books
 b - a book of Minor Magic

   Spells                             Type                      Level
   a - Magic Dart                     Conjuration                  1
   b - Blink                          Translocation                2
   c - Call Imp                       Summoning                    2
   d - Repel Missiles                 Charms/Air                   2
   e - Slow                           Hexes                        2
   f - Conjure Flame                  Conjuration/Fire             3
   g - Mephitic Cloud                 Conjuration/Poison/Air       3
Comestibles
 c - 3 bread rations
 f - a meat ration
 x - a chunk of flesh


   Skills:
 - Level 0.4 Fighting
 - Level 1.7 Dodging
 - Level 1.7 Stealth
 - Level 3.0 Spellcasting
 * Level 5.6 Conjurations
 - Level 2.0 Summonings
 + Level 1.2 Translocations
 + Level 1.8 Fire Magic


You had 3 spell levels left.
You knew the following spells:

 Your Spells              Type           Power        Failure   Level  Hunger
a - Magic Dart            Conj           ####         1%          1    None
b - Blink                 Tloc           N/A          17%         2    ##.....
c - Call Imp              Summ           ##......     12%         2    ##.....
d - Conjure Flame         Conj/Fire      ###.....     12%         3    ###....


Dungeon Overview and Level Annotations

Branches:
Dungeon (4/15)             Temple (0/1) D:4

Altars:
Cheibriados
Pakellas
Sif Muna
The Shining One

Annotations:
D:4 Menkaure


Innate Abilities, Weirdness & Mutations

Your plain brown scales are hard (AC +6).
Your body does not fit into most forms of armour.
You are cold-blooded and may be slowed by cold attacks.


Message History

Aiming: Conjure Flame
Press: ? - help, Dir - move target cursor The fire roars!
Some of the chunks of flesh in your inventory have rotted away.
The orc priest invokes the aid of Beogh against you.
You barely resist.
Menkaure calls on the powers of darkness!
The orc convulses!
Your body is wracked with pain!
* * * LOW HITPOINT WARNING * * *
The orc priest convulses!
Menkaure giggles, "These cerements are ticklish..."
Menkaure gestures wildly while chanting.
Menkaure seems to speed up.
The orc priest misses you. The orc barely misses you.
Menkaure closely misses you.
The orc priest looks braver for a moment.
You open the door. The orc hits you but does no damage.
Menkaure barely misses you. Menkaure hits you!
You die...

#.........#
####.........#
..##.........#
#.##.........#
#.##.........#
#.##.........#
#.##......oo.# ♣♣♣♣#
#.##.....M...#
≈PPP###M§......#@###
≈≈≈o....########.#
≈.♣P....#........#
♣♣♣♣....'.........
.♣♣.....#M#######.
........#.# .#
#########.# .# # #
#.# .# . .# ####'###


You could see Menkaure, an orc priest and an orc.

Vanquished Creatures
  An ogre (D:4)
  2 orc wizards (D:4)
  Terence (D:2)
  3 gnolls
  4 adders
  An ooze (D:4)
  A worm (D:2)
  4 dart slugs
  2 giant geckos
  3 orcs (D:4)
  4 giant cockroaches
  14 goblins
  12 hobgoblins
  3 jackals (D:3)
  4 kobolds (D:1)
  3 quokkas
  5 bats
  4 giant newts
  7 rats
78 creatures vanquished.

Vanquished Creatures (collateral kills)
  Robin (D:2)
  4 gnolls
  An adder (D:3)
  2 hobgoblins (D:2)
  A kobold (D:2)
9 creatures vanquished.

Grand Total: 87 creatures vanquished

Notes
Turn   | Place    | Note
--------------------------------------------------------------
     0 | D:1      | a131a the Draconian Wizard began the quest for the Orb.
     0 | D:1      | Reached XP level 1. HP: 14/14 MP: 4/4
   424 | D:1      | You fall through a shaft!
   451 | D:2      | You fall through a shaft!
   521 | D:3      | Reached XP level 2. HP: 22/22 MP: 0/6
   525 | D:3      | Learned a level 2 spell: Blink
   528 | D:3      | Learned a level 2 spell: Call Imp
   540 | D:3      | Found an oddly glowing altar of Pakellas.
   582 | D:3      | Reached skill level 2 in Conjurations
   791 | D:3      | Reached XP level 3. HP: 21/27 MP: 1/7
   875 | D:3      | Reached skill level 3 in Conjurations
  1450 | D:2      | Noticed Robin
  1837 | D:1      | Reached XP level 4. HP: 34/34 MP: 4/8
  2307 | D:2      | Found a snail-covered altar of Cheibriados.
  2313 | D:2      | Reached skill level 4 in Conjurations
  2319 | D:2      | Found a glowing golden altar of the Shining One.
  2319 | D:2      | Found a deep blue altar of Sif Muna.
  2336 | D:2      | Became a worshipper of Sif Muna the Loreminder
  2366 | D:2      | Found a faded altar to an unknown god.
  2678 | D:2      | Killed Robin
  2678 | D:2      | Reached XP level 5. HP: 26/39 MP: 0/9
  2777 | D:2      | Noticed Terence
  2817 | D:2      | Learned a level 3 spell: Conjure Flame
  2875 | D:2      | Killed Terence
  3849 | D:4      | Reached skill level 5 in Conjurations
  3865 | D:4      | Found a staircase to the Ecumenical Temple.
  3911 | D:4      | Noticed an ogre
  3926 | D:4      | Killed an ogre
  3926 | D:4      | Reached * piety under Sif Muna
  3926 | D:4      | Reached skill level 1 in Fire Magic
  3926 | D:4      | Reached XP level 6. HP: 46/46 MP: 7/10
  4037 | D:4      | Noticed Menkaure
  4107 | D:4      | Slain by Menkaure

Skill      XL: |  1  2  3  4  5 |
---------------+----------------+-----
Conjurations   | 2 3 4 5 |  5.6
Summonings     | 2 |  2.0
Fire Magic     | 1 |  1.8
Fighting       | |  0.4
Dodging        | |  1.7
Stealth        | |  1.7
Spellcasting   | |  3.0
Translocations | |  1.2

Action                   |  1- 3 |  4- 6 || total
-------------------------+-------+-------++-------
Melee: Unarmed           |     9 |       ||     9
       Short sword       |    15 |       ||    15
       Tailslap          |     1 |     6 ||     7
       Quarterstaff      |    16 |    71 ||    87
       Flail             |       |     3 ||     3
       Trident           |       |    40 ||    40
Throw: Stone             |       |     9 ||     9
 Cast: Magic Dart        |    59 |    68 ||   127
       Call Imp          |     5 |     7 ||    12
       Conjure Flame     |       |     6 ||     6
  Use: Scroll            |       |     6 ||     6
 Stab: Sleeping          |     1 |     3 ||     4
       Distracted        |       |     1 ||     1
  Eat: Chunk             |     3 |     8 ||    11
Armor: Skin              |    18 |    61 ||    79
Dodge: Dodged            |    31 |    89 ||   120
